 Dungeon Crawl Stone Soup version 0.30-a0-368-g86fb4627a9 (webtiles) character file.

Game seed: 8088215217591884159

717 holysushi the Cutter (level 7, -1/27 (32) HPs)
             Began as a Vine Stalker Necromancer on Nov 19, 2022.
             Slain by a wight
             ... wielding a +4 mace
              (3 damage)
             ... on level 5 of the Dungeon.
             The game lasted 00:08:00 (3749 turns).

holysushi the Cutter (Vine Stalker Necromancer)     Turns: 3749, Time: 00:08:01

HP:   -1/27 (32)    AC:  6    Str: 10    XL:     7   Next: 70%
MP:   0/11          EV: 14    Int: 15    God:
Gold: 343           SH:  0    Dex: 17    Spells: 3/11 levels left

rFire   . . .      SeeInvis .    s - +0 dagger (elec)
rCold   . . .      Faith    .    (no shield)
rNeg    . . .      Spirit   +    a - +0 robe
rPois   .          Reflect  .    r - +2 helmet
rElec   .          Harm     .    x - scarf {+Inv}
rCorr   .          Rampage  .    (no gloves)
Will    .....                    j - +0 pair of boots
Stlth   ++........               (no amulet)
HPRegen 1.04/turn                (no ring)
MPRegen 0.12/turn                (no ring)

@: heavily drained
A: fangs 2, regeneration 1, magic shield, antimagic bite, no potion heal 2
a: Evoke Invisibility


You were on level 5 of the Dungeon.
You visited 1 branch of the dungeon, and saw 5 of its levels.

You collected 343 gold pieces.

Inventory:

Hand Weapons
 f - a +0 short sword
 s - a +0 dagger of electrocution (weapon)
Missiles
 e - a throwing net
Armour
 a - a +0 robe (worn)
 j - a +0 pair of boots (worn)
 k - an orb of mayhem
 r - a +2 helmet (worn)
 x - a scarf of invisibility (worn)
Jewellery
 t - an amulet of faith
Wands
 l - a wand of paralysis (12)
Scrolls
 c - 5 scrolls of identify {unknown}
 d - a scroll of fear {unknown}
 g - 2 scrolls of immolation {unknown}
 h - a scroll of silence {unknown}
 i - 2 scrolls of butterflies {unknown}
 m - a scroll of blinking {unknown}
 n - a scroll of torment {unknown}
 o - a scroll of teleportation {unknown}
 p - 4 scrolls of poison {unknown}
 u - a scroll of vulnerability {unknown}
 v - 2 scrolls of amnesia {unknown}
Potions
 b - 3 potions of magic
 q - 4 potions of lignification {unknown}
 w - a potion of might {unknown}
 z - 3 potions of curing {unknown}


   Skills:
 + Level 5.0 Short Blades
 + Level 4.5 Dodging
 - Level 3.0 Stealth
 - Level 2.5 Spellcasting
 - Level 4.1 Necromancy
 + Level 1.2 Evocations


You had 3 spell levels left.
You knew the following spells:

 Your Spells              Type           Power      Damage    Failure   Level
a - Necrotise             Necr           56%        1d6       3%          1
b - Vampiric Draining     Necr           14%        2d7       12%         3
c - Animate Dead          Necr           14%        N/A       36%         4

Your spell library contained the following spells:

 Spells                   Type           Power      Damage    Failure   Level
 Vhi's Electric Charge    Tloc/Air       2%         N/A       54%         3
 Agony                    Necr           14%        N/A       71%         5
 Arcjolt                  Conj/Air       0%         1d10      99%         5
 Maxwell's Capacitive Co  Air            0%         ∞         100%        8


Dungeon Overview and Level Annotations

Branches:
Dungeon (5/15) Zot: 26252
 Temple: D:4-7

Altars:
Elyvilon
Okawaru
Uskayaw
Yredelemnul

Annotations:
D:4 1 runed translucent door, Crazy Yiuf
D:5 2 runed translucent doors, lunkers's ghost, novice AtRe


Innate Abilities, Weirdness & Mutations

You have extremely sharp teeth.
Your natural rate of healing is unusually fast.
When hurt, damage is shared between your health and your magic reserves.
Your bite disrupts and absorbs the magic of your enemies.
Potions cannot restore your health.


Message History

The wight hits you with a +4 mace!
You hit the wight but do no damage.
The wight is moderately damaged.
The wight hits you with a +4 mace.
You feel drained.
Lunkers's ghost turns its malevolent gaze towards you.
You hit the wight but do no damage. Your bite misses the wight.
The wight is moderately damaged.
The wight hits you with a +4 mace.
You feel drained.
You hit the wight. You bite the wight, but do no damage.
The wight is heavily damaged.
The wight closely misses you.
You completely miss the wight.
The wight is heavily damaged.
You hit the wight but do no damage. Your bite misses the wight.
The wight is heavily damaged.
The wight closely misses you.
You hit the wight.
The wight is severely damaged.
The river rat twitches its whiskers.
The wight misses you.
You hit the wight but do no damage.
The wight is severely damaged.
You hit the wight but do no damage. You bite the wight. You drain its power.
You feel invigorated.
The wight is severely damaged.
The wight hits you with a +4 mace!
You feel drained.
You closely miss the wight. You punch the wight.
The wight is severely damaged.
The wight barely misses you.
You hit the wight but do no damage. You bite the wight, but do no damage.
The wight is severely damaged.
The wight hits you with a +4 mace.
You hit the wight.
The wight is almost destroyed.
The wight hits you with a +4 mace.
* * * LOW HITPOINT WARNING * * *
The wight attacks as you move away! The wight hits you with a +4 mace!
* * * LOW HITPOINT WARNING * * *
You feel drained.
You die...

###################### #<
......................###
......................# #
......................# #
............... ......###
............... ........
..........###########....
........z.#r~~~~~~~~#....
........@.+Sr~~?~~r~+..##
..........#W~~~~~~Wr#.###
.........÷###########)# #
.............)...)....# #
......................###
.........................
.##...................###
##.............))....# #
...............).....###


You could see a wight, lunkers's ghost, an adder, a river rat and a rat.

Vanquished Creatures
  Sigmund (D:2)
  An ogre (D:4)
  A scorpion (D:4)
  2 wights (D:5)
  3 hounds
  A jelly (D:4)
  2 iguanas (D:4)
  Robin (D:1)
  2 adders
  An ufetubus (D:4)
  A worm (D:2)
  6 orcs
  7 ball pythons
  4 bats
  4 endoplasms
  4 giant cockroaches
  7 hobgoblins
  3 jackals (D:3)
  6 quokkas
  5 frilled lizards
  17 goblins
  3 kobolds
  2 rats
84 creatures vanquished.

Vanquished Creatures (collateral kills)
  A bat (D:2)
  A hobgoblin (D:1)
  A rat (D:1)
3 creatures vanquished.

Vanquished Creatures (others)
  A fungus (D:4)
1 creature vanquished.

Grand Total: 88 creatures vanquished

Notes
Turn   | Place    | Note
-------+----------+-------------------------------------------
     0 | D:1      | holysushi the Vine Stalker Necromancer began the quest for
                  | the Orb.
     0 | D:1      | Reached XP level 1. HP: 9/9 MP: 4/4
   232 | D:1      | Reached XP level 2. HP: 11/13 MP: 0/6
   619 | D:1      | Reached XP level 3. HP: 15/16 MP: 4/7
   782 | D:1      | Reached skill level 1 in Short Blades
  1089 | D:2      | Noticed Sigmund
  1406 | D:2      | Noticed Robin
  1490 | D:1      | Killed Robin
  1491 | D:1      | Reached skill level 2 in Short Blades
  1617 | D:2      | Gained mutation: Your natural rate of healing is unusually
                  | fast. [Vine Stalker growth]
  1617 | D:2      | Reached XP level 4. HP: 18/21 MP: 5/8
  1860 | D:3      | Found a hide-covered altar of Uskayaw.
  2048 | D:3      | Found an iron altar of Okawaru.
  2404 | D:4      | Reached XP level 5. HP: 24/24 MP: 7/9
  2453 | D:4      | Found a white marble altar of Elyvilon.
  2509 | D:4      | Reached skill level 3 in Short Blades
  2582 | D:4      | Noticed an ogre
  2597 | D:4      | Reached XP level 6. HP: 28/28 MP: 4/10
  2664 | D:4      | Found a basalt altar of Yredelemnul.
  2728 | D:4      | Reached skill level 4 in Short Blades
  2821 | D:4      | Found a runed translucent door.
  2822 | D:4      | Noticed Crazy Yiuf
  3048 | D:5      | Entered Level 5 of the Dungeon
  3153 | D:2      | Killed Sigmund
  3154 | D:2      | Reached XP level 7. HP: 32/32 MP: 11/11
  3413 | D:5      | Found a runed translucent door.
  3417 | D:5      | Noticed lunkers's ghost (novice AtRe)
  3547 | D:5      | Learned a level 3 spell: Vampiric Draining
  3552 | D:5      | Learned a level 4 spell: Animate Dead
  3687 | D:5      | Found a runed translucent door.
  3706 | D:5      | Reached skill level 5 in Short Blades
  3706 | D:5      | Reached skill level 1 in Evocations
  3749 | D:5      | Slain by a wight

Illustrated notes

Levels and vault maps discovered:
D:1:      lightli_arrival_boilingwater, layout_loops_ring
D:2:      layout_basic, uniq_sigmund, uniq_robin
D:3:      layout_rooms, mainiacjoe_overflow_24_doors,
          mainiacjoe_overflow_alcove_4
D:4:      layout_cave_pools, yredelemnul_altar_generic,
          lemuel_coloured_pillars_altar, serial_bayou, serial_bayou_pond_b,
          serial_bayou_pond_a, serial_bayou_pond_c, serial_bayou_crossing,
          hex_medium, chequers_serial_rivers_micro_d,
          hangedman_abyss_or_decor_passed, kennysheep_generic_room_15,
          uniq_crazy_yiuf_cottage
D:5:      layout_basic, gammafunk_temple_overflow_elements,
          minmay_temple_entry_stoned_glass, ebering_ghost_sewer_f

Skill      XL: |  1  2  3  4  5  6  7 |
---------------+----------------------+-----
Stealth        | 3 |  3.0
Short Blades   | 2 3 4 5 |  5.0
Dodging        | 2 3 4 |  4.5
Evocations     | 1 |  1.2
Spellcasting   | |  2.5
Necromancy     | |  4.1

Action                   |  1- 3 |  4- 6 |  7- 9 || total
-------------------------+-------+-------+-------++-------
Melee: Unarmed           |     3 |       |       ||     3
       Bite              |     9 |    24 |    17 ||    50
       Short sword       |    27 |       |       ||    27
       Dagger            |    12 |    82 |    56 ||   150
       Punch             |       |     1 |     1 ||     2
 Cast: Necrotise         |    48 |    17 |    16 ||    81
       Animate Dead      |       |       |     1 ||     1
 Stab: Sleeping          |     2 |     7 |     1 ||    10
Armor: Robe              |    18 |    24 |     7 ||    49
Dodge: Dodged            |    29 |    51 |    50 ||   130

Table legend: (Time is in decaauts)
 A = Elapsed time spent in this place.
 B = Non-inter-level travel time spent in this place.
 C = Inter-level travel time spent in this place.
 D = Time resting spent in this place.
 E = Time spent auto-exploring this place.
 F = Levels seen in this place.
 G = Mean time per level.
                   A        B        C        D        E       F      G
               +--------+--------+--------+--------+--------+-----+--------+
         Total |   3747 |   3427 |    320 |    225 |   2320 |   5 |  749.4 |
       Dungeon |   3747 |   3427 |    320 |    225 |   2320 |   5 |  749.4 |
               +--------+--------+--------+--------+--------+-----+--------+

Top non-repeatable levels by time:
     D:1: 1156 daAuts
     D:2: 819 daAuts
     D:4: 795 daAuts
     D:3: 522 daAuts
     D:5: 453 daAuts
